 Dungeon Crawl Stone Soup version 0.27.1-1-g398f81649c (webtiles) character file.

Game seed: 17205579820094529428

3588 acemry the Severer (level 9, -6/71 HPs)
             Began as a Minotaur Fighter on Sept 9, 2021.
             Mangled by a manticore (15 damage)
             ... on level 7 of the Dungeon.
             The game lasted 00:14:36 (7705 turns).

acemry the Severer (Minotaur Fighter)               Turns: 7705, Time: 00:14:37

Health: -6/71      AC: 11    Str: 22    XL:     9   Next: 85%
Magic:  8/8        EV: 14    Int:  5    God:
Gold:   281        SH:  0    Dex: 10    Spells: 8/8 levels left

rFire    . . .     SeeInvis .   t - +8 battleaxe
rCold    . . .     Faith    .   (shield currently unavailable)
rNeg     . . .     Spirit   .   b - +1 scale mail
rPois    .         Reflect  .   (helmet unavailable)
rElec    .         Harm     .   (no cloak)
rCorr    .         Rampage  .   (no gloves)
Will     .....                  j - +2 pair of boots
Stlth    ..........             (no amulet)
HPRegen  0.00/turn              w - +4 ring of evasion
MPRegen  0.11/turn              (no ring)

@: spiked, unable to read, inhibited regen, hasted, very quick
A: horns 3, retaliatory headbutt, inhibited regeneration, weak 1, inability to
read while threatened
a: no special abilities


You were on level 7 of the Dungeon.
You visited 1 branch of the dungeon, and saw 7 of its levels.
You also visited: Sewer.

You collected 281 gold pieces.

Inventory:

Hand Weapons
 a - a +1 war axe
 g - a +1 vorpal hand axe
 k - the +7 mace of Articulation {vorpal, *Noise rN+ Will+ Dex+3}
   (You found it on level 6 of the Dungeon)

   It inflicts extra damage upon your enemies.
   Dex:       It affects your dexterity (+3).
   rN:        It protects you from negative energy.
   *Noise:    It may make noises in combat.
   Will:      It increases your willpower.
 t - a +8 battleaxe (weapon)
Missiles
 n - 30 poisoned darts (quivered)
Armour
 b - a +1 scale mail (worn)
 c - a +0 kite shield
 j - a +2 pair of boots (worn)
Magical Staves
 f - a staff of air
Jewellery
 l - a ring of magical power
 w - a +4 ring of evasion (left hand)
 y - a ring of wizardry
Wands
 p - a wand of acid (5)
 r - a wand of flame (47)
Scrolls
 m - 2 scrolls of teleportation
 q - 2 scrolls of enchant armour
 x - a scroll of immolation
 z - a scroll of amnesia
Potions
 d - a potion of might
 e - a potion of flight
 h - 2 potions of magic
 i - a potion of cancellation
 v - a potion of haste


   Skills:
 - Level 4.0 Fighting
 + Level 15.5 Axes
 - Level 0.6(10.4) Maces & Flails
 - Level 0.4(10.4) Polearms
 - Level 4.0 Armour
 - Level 0.8 Dodging
 - Level 0.2 Stealth
 - Level 4.0 Shields
 - Level 0.7 Unarmed Combat
 - Level 0.2 Spellcasting


You had 8 spell levels left.
You didn't know any spells.
Your spell library contained the following spells:

 Spells                   Type           Power      Damage    Failure   Level
 Beastly Appendage        Tmut           0%         N/A       80%         1
 Slow                     Hex            0%         N/A       90%         2
 Sublimation of Blood     Necr           0%         N/A       90%         2
 Wereblood                Tmut           0%         N/A       90%         2
 Confusing Touch          Hex            0%         N/A       99%         3
 Spider Form              Tmut/Pois      0%         N/A       99%         3
 Vampiric Draining        Necr           0%         2d6       99%         3
 Yara's Violent Unravell  Hex/Tmut       0%         3d3       100%        5
 Summon Hydra             Summ           0%         N/A       100%        7


Dungeon Overview and Level Annotations

Branches:
Dungeon (7/15)             Temple (0/1) D:6           Sewer (visited)

Altars:
Qazlal
Vehumet
Wu Jian
Yredelemnul

Shops:
D:2 (

Annotations:
D:4 3 runed translucent doors, aster's ghost, amateur HOFi


Innate Abilities, Weirdness & Mutations

You have a pair of large horns on your head.
You reflexively headbutt those who attack you in melee.
You do not regenerate when monsters are visible.
You are weak. (Str -2)
You sometimes lose the ability to read scrolls when taking damage.


Message History

Found 22 gold pieces.
You now have 265 gold pieces (gained 6).
You now have 281 gold pieces (gained 16).
You see here a +0 falchion.
A manticore comes into view.
The manticore flicks its tail.
The volley of spikes hits you!!
The barbed spikes become lodged in your body.
The barbs in your skin will harm you if you move.
Continue? [Y]es or [N]o only, please.
The barbs in your skin will harm you if you move.
Continue?
Okay, then.
You feel better.
The manticore flicks its tail.
The volley of spikes hits you!!
The barbed spikes become lodged in your body.
The manticore flicks its tail.
The volley of spikes hits you!
The barbed spikes become lodged in your body.
You feel threatened and lose the ability to read scrolls!
Drinking this now will have no effect.
You feel yourself speed up.
The manticore flicks its tail.
The volley of spikes hits you!
The barbed spikes become lodged in your body.
The barbs in your skin will harm you if you move.
Continue?
Uppercase [Y]es or [N]o only, please.
The barbs in your skin will harm you if you move.
Continue?
The barbed spikes dig painfully into your body as you move.
* * * LOW HITPOINT WARNING * * *
The manticore flicks its tail.
The volley of spikes hits you.
The barbed spikes become lodged in your body.
* * * LOW HITPOINT WARNING * * *
The barbed spikes dig painfully into your body as you move.
* * * LOW HITPOINT WARNING * * *
You slash the manticore!
The manticore is lightly wounded.
The manticore bites you!
You die...

######### #.......#
#.......# ###########
####
#.......###..@H......
....
#.....).....#########
#### #.......#####
##.. #.......# #..#
#.......# #.##
#....(..###### #.#
#[......##...### #.#
#.......####...## #.#
######.## ##...# #.#


You could see a manticore.

Vanquished Creatures
  Sigmund (D:4)
  Eustachio (D:5)
  A steam dragon (D:7)
  An acid dragon (D:7)
  A water moccasin (D:7)
  Duvessa (D:4)
  2 sky beasts
  An orc warrior (D:5)
  5 ogres
  2 ice beasts
  A centaur (D:7)
  3 kobold brigands (Sewer)
  6 scorpions
  A wyvern skeleton (D:7)
  Dowan (D:4)
  2 water moccasin skeletons
  3 wights
  A howler monkey (D:7)
  A centaur zombie (D:5)
  4 jellies
  2 orc priests (D:6)
  Ijyb (D:3)
  2 hounds
  A gnoll shaman (D:7)
  An iguana (D:2)
  7 orc wizards
  A scorpion zombie (D:4)
  2 hound skeletons
  Robin (D:2)
  A howler monkey zombie (D:3)
  5 gnolls
  7 river rats
  11 adders
  A howler monkey skeleton (D:7)
  2 ufetubi
  8 worms
  5 dart slugs
  13 orcs
  12 ball pythons
  4 bats
  12 endoplasms
  3 giant cockroaches
  8 goblins
  13 hobgoblins
  4 quokkas
  4 frilled lizards
  7 kobolds
  A quokka zombie (D:4)
  12 rats
190 creatures vanquished.

Vanquished Creatures (others)
  A jelly (D:5)
  An ufetubus (D:5)
2 creatures vanquished.

Grand Total: 192 creatures vanquished

Notes
Turn   | Place    | Note
-------+----------+-------------------------------------------
     0 | D:1      | acemry the Minotaur Fighter began the quest for the Orb.
     0 | D:1      | Reached XP level 1. HP: 19/19 MP: 0/0
    83 | D:1      | Reached XP level 2. HP: 21/27 MP: 1/1
   331 | D:1      | Reached XP level 3. HP: 26/33 MP: 2/2
   567 | D:1      | Found a faded altar of an unknown god.
   665 | D:2      | Reached skill level 3 in Axes
   843 | D:2      | Reached XP level 4. HP: 20/40 MP: 3/3
   995 | D:2      | Found Rockik's Weapon Shoppe.
  1173 | D:2      | Reached skill level 4 in Axes
  1514 | D:2      | Noticed Robin
  1539 | D:2      | Killed Robin
  1728 | D:3      | Noticed Ijyb
  1742 | D:3      | Killed Ijyb
  1743 | D:3      | Reached skill level 5 in Axes
  1743 | D:3      | Reached XP level 5. HP: 16/46 MP: 4/4
  2676 | D:4      | Found a runed translucent gate.
  2676 | D:4      | Found a runed translucent gate.
  2676 | D:4      | Found a runed translucent gate.
  2676 | D:4      | Noticed aster's ghost (amateur HOFi)
  2678 | D:4      | Found a basalt altar of Yredelemnul.
  2687 | D:4      | Reached skill level 6 in Axes
  2884 | D:4      | Reached XP level 6. HP: 52/52 MP: 5/5
  2896 | D:4      | Found a glowing drain.
  2906 | Sewer    | Entered a sewer
  3000 | Sewer    | Reached skill level 7 in Axes
  3256 | Sewer    | Reached skill level 8 in Axes
  3616 | Sewer    | Reached XP level 7. HP: 56/59 MP: 6/6
  3844 | D:4      | Reached skill level 9 in Axes
  4013 | D:4      | Noticed Sigmund
  4031 | D:4      | Killed Sigmund
  4177 | D:4      | Noticed Dowan
  4178 | D:4      | Noticed Duvessa
  4186 | D:4      | Killed Dowan
  4187 | D:4      | Reached skill level 10 in Axes
  4190 | D:4      | Killed Duvessa
  4191 | D:4      | Reached XP level 8. HP: 35/66 MP: 7/7
  4575 | D:5      | Entered Level 5 of the Dungeon
  4607 | D:5      | Reached skill level 11 in Axes
  4790 | D:5      | Found a stormy altar of Qazlal.
  4795 | D:5      | Found an ornate altar of the Wu Jian Council.
  4800 | D:5      | Found a radiant altar of Vehumet.
  5029 | D:5      | Reached skill level 12 in Axes
  5173 | D:5      | Noticed Eustachio
  5187 | D:5      | Killed Eustachio
  5622 | D:6      | Reached skill level 13 in Axes
  5831 | D:6      | Reached XP level 9. HP: 71/71 MP: 8/8
  6521 | D:6      | Reached skill level 14 in Axes
  6673 | D:6      | Found a staircase to the Ecumenical Temple.
  6716 | D:6      | Identified the +7 mace of Articulation {vorpal, *Noise rN+
                  | Will+ Dex+3}
  6958 | D:7      | Gained mutation: You sometimes lose the ability to read
                  | scrolls when taking damage. [potion of mutation]
  6958 | D:7      | Gained mutation: You do not regenerate when monsters are
                  | visible. [potion of mutation]
  6958 | D:7      | Gained mutation: You are weak. (Str -2) [potion of
                  | mutation]
  6958 | D:7      | Gained mutation: You have a pair of large horns on your
                  | head. [potion of mutation]
  7289 | D:7      | Reached skill level 15 in Axes
  7697 | D:7      | Noticed a manticore
  7705 | D:7      | Mangled by a manticore

Illustrated notes

Levels and vault maps discovered:
D:1:      saegor_arrival_simple_b, layout_rooms,
          shapermc_ecumenical_altar_starsandcircs
D:2:      layout_rooms, serial_shops, nicolae_square_shop, minmay_hedge_maze,
          kennysheep_generic_room_14, uniq_robin
D:3:      layout_loops_ring, grunt_ministairs_2, uniq_ijyb
D:4:      layout_loops_ring, nicolae_yredelemnul_ghost_church,
          portal_sewer_entry_e, uniq_sigmund, uniq_duvessa
D:5:      layout_loops_ring, minmay_overflow_temple_star_quad, st_stairs_8,
          lemuel_flamethrower_2, uniq_eustachio
D:6:      cheibrodos_quashed, layout_cave_pools, temple_doors_e,
          minmay_a_box_with_orc_wizards_in_it
D:7:      layout_rooms, minmay_misc_feat_rows, st_stairs_5

Skill      XL: |  1  2  3  4  5  6  7  8  9 |
---------------+----------------------------+-----
Armour         | 4 |  4.0
Fighting       | 4 |  4.0
Axes           | 3 5 6 8 10 13 15 | 15.5
Shields        | 4 |  4.0
Maces & Flails | |  0.6
Polearms       | |  0.4
Dodging        | |  0.8
Stealth        | |  0.2
Unarmed Combat | |  0.7
Spellcasting   | |  0.2

Action                   |  1- 3 |  4- 6 |  7- 9 || total
-------------------------+-------+-------+-------++-------
Melee: War axe           |    55 |   193 |   178 ||   426
       Headbutt          |     4 |    32 |    44 ||    80
       Battleaxe         |       |       |    32 ||    32
Throw: Dart              |       |     2 |     3 ||     5
  Use: Scroll            |       |     7 |    10 ||    17
       Potion            |       |       |     8 ||     8
Armor: Scale mail        |    26 |    76 |    63 ||   165
Dodge: Dodged            |    32 |   114 |   142 ||   288
Block: Kite shield       |     1 |       |       ||     1
